 Dungeon Crawl Stone Soup version 0.29.1-1-gd02db6906a (webtiles) character file.

Game seed: 382029554880667626

274 H0rd4k the Insei (level 6, -2/39 HPs)
             Began as an Octopode Transmuter on Oct 18, 2022.
             Slain by a gnoll
             ... wielding a +0 club
              (5 damage)
             ... on level 4 of the Dungeon.
             The game lasted 00:03:02 (4090 turns).

H0rd4k the Insei (Octopode Transmuter)              Turns: 4090, Time: 00:03:03

Health: -2/39      AC:  1    Str: 10    XL:     6   Next: 24%
Magic:  9/9        EV: 13    Int: 17    God:
Gold:   216        SH:  0    Dex: 12    Spells: 8/9 levels left

rFire   . . .      SeeInvis .     - Unarmed
rCold   + . .      Faith    .   (no shield)
rNeg    . . .      Spirit   .   (helmet currently unavailable)
rPois   .          Reflect  .   (no amulet)
rElec   .          Harm     .   d - ring of protection from cold
rCorr   .          Rampage  .   (no ring)
Will    .....                   (no ring)
Stlth   ++........              (no ring)
HPRegen 0.13/turn               (no ring)
MPRegen 0.11/turn               (no ring)
                                (no ring)
                                (no ring)

@: mighty, lethally poisoned (-2 -> -8), appendages
A: tentacle spike 3, almost no armour, amphibious, 8 rings, camouflage 1,
gelatinous body 1, (nimble swimmer 1), tentacles
a: End Transformation


You were on level 4 of the Dungeon.
One of your tentacles had grown a beastly spike.
You visited 1 branch of the dungeon, and saw 4 of its levels.

You collected 216 gold pieces.

Inventory:

Missiles
 n - 5 poisoned darts
Jewellery
 d - a ring of protection from cold (left tentacle)
Wands
 m - a wand of light (4)
Scrolls
 b - a scroll of summoning {unknown}
 c - a scroll of enchant weapon {unknown}
 e - 2 scrolls of enchant armour {unknown}
 g - 3 scrolls of identify {unknown}
 h - a scroll of noise {unknown}
 j - 3 scrolls of teleportation {unknown}
Potions
 a - a potion of lignification
 f - a potion of invisibility {unknown}
 i - a potion of cancellation {unknown}
 k - a potion of mutation {unknown}
 l - a potion of might


   Skills:
 + Level 1.6 Fighting
 + Level 3.2 Dodging
 + Level 5.7 Unarmed Combat
 + Level 2.4 Spellcasting
 + Level 2.2 Transmutations
 + Level 0.1 Evocations


You had 8 spell levels left.
You knew the following spells:

 Your Spells              Type           Power      Damage    Failure   Level
a - Beastly Appendage     Tmut           18%        N/A       8%          1

Your spell library contained the following spells:

 Spells                   Type           Power      Damage    Failure   Level
 Wereblood                Tmut           9%         N/A       12%         2
 Blink                    Tloc           4%         N/A       28%         2
 Spider Form              Tmut/Pois      5%         N/A       34%         3
 Inner Flame              Hex/Fire       2%         N/A       50%         3
 Lesser Beckoning         Tloc           2%         N/A       50%         3
 Ice Form                 Ice/Tmut       5%         N/A       75%         4
 Animate Dead             Necr           2%         N/A       88%         4
 Cause Fear               Hex            1%         N/A       88%         4
 Borgnjor's Vile Clutch   Necr/Erth      1%         N/A       99%         5
 Manifold Assault         Tloc           2%         N/A       99%         5
 Death Channel            Necr           1%         N/A       100%        6
 Discord                  Hex            1%         N/A       100%        8


Dungeon Overview and Level Annotations

Branches:
Dungeon (4/15)
 Temple: D:4-7

Altars:
Hepliaklqana

Shops:
D:1 (=

Annotations:
D:3 exclusion: upstairs, Pargi


Innate Abilities, Weirdness & Mutations

One of your tentacles has grown a beastly spike.
You cannot wear most types of armour.
You are amphibious.
You can wear up to eight rings at the same time.
Your skin changes colour to match your surroundings (Stealth+).
Your rubbery body absorbs attacks. (AC +1, EV +1)
((You are camouflaged when in or above water. (Stealth+)))
You have tentacles for arms and can constrict up to eight enemies at once.


Message History

You constrict the gnoll.
The gnoll hits you with a +2 spear of venom.
You are poisoned.
You tentacle-slap the gnoll.
You pierce the gnoll.
The gnoll is severely wounded.
You constrict the gnoll, but do no damage.
You feel very sick.
The gnoll hits you with a +2 spear of venom!
You are lethally poisoned!
You tentacle-slap the gnoll.
You pierce the gnoll.
You squeeze the gnoll, but do no damage.
The gnoll is almost dead.
You constrict the gnoll.
You kill the gnoll!
You feel very sick.
You feel very sick.
Things that are here:
a +2 spear of venom; a scroll labelled FEMAXI HAGO 2 gnolls come into view.
* * * LOW HITPOINT WARNING * * *
You feel very sick.
The gnoll moves out of view.
You tentacle-slap the ball python.
You kill the ball python!
* * * LOW HITPOINT WARNING * * *
You feel very sick.
* * * LOW HITPOINT WARNING * * *
You feel sick.
Things that are here:
a +2 spear of venom; a scroll labelled FEMAXI HAGO You tentacle-slap the gnoll.
Your grab misses the gnoll.
Your tentacle spike misses the gnoll.
Your squeeze misses the gnoll.
The gnoll is lightly wounded.
* * * LOW HITPOINT WARNING * * *
You feel sick. The gnoll closely misses you.
It was a potion of might.
You feel very mighty all of a sudden.
* * * LOW HITPOINT WARNING * * *
You feel sick. The gnoll misses you. The gnoll hits you with a +0 club.
You die...

#####.....#.. ##...
#.....#..>... .
#.... #.##..#.#....
#.#....
#......<..... ......
###...>..#.#.. #..g.
###....###.#.#.. ...
#.#.#.<.##.###..
#g###.#.##..##......
#.g@..........####.#
#####.#.###<####....
.........####.#.#
..#.##.#.#........#
#S... #.#.#.####..J#
##.#.
..#..รท........ #.##
###.#.#####... #
#...........
########..##


You could see 2 gnolls.

Vanquished Creatures
  A water moccasin (D:4)
  A hound (D:4)
  An orc wizard (D:3)
  A gnoll (D:4)
  4 adders
  A worm (D:2)
  A dart slug (D:2)
  7 ball pythons
  5 bats
  4 endoplasms
  4 giant cockroaches
  2 goblins
  6 hobgoblins
  8 jackals
  A frilled lizard (D:1)
  3 kobolds
  6 rats
  A spectral goblin (D:1)
57 creatures vanquished.

Notes
Turn   | Place    | Note
-------+----------+-------------------------------------------
     0 | D:1      | H0rd4k the Octopode Transmuter began the quest for the Orb.
     0 | D:1      | Reached XP level 1. HP: 13/13 MP: 3/3
   177 | D:1      | Found Pustitun's Weapon Shoppe.
   333 | D:1      | Found a faded altar of an unknown god.
   392 | D:1      | Reached XP level 2. HP: 18/18 MP: 5/5
   394 | D:1      | Found Ret Zeu's Jewellery Shoppe.
  1385 | D:2      | Reached XP level 3. HP: 23/23 MP: 6/6
  2076 | D:2      | Reached skill level 4 in Unarmed Combat
  2511 | D:3      | Reached XP level 4. HP: 14/28 MP: 5/7
  2941 | D:3      | Noticed Pargi
  2949 | D:3      | Found a hazy altar of Hepliaklqana.
  3273 | D:4      | Noticed a water moccasin
  3283 | D:4      | Killed a water moccasin
  3284 | D:4      | Reached skill level 5 in Unarmed Combat
  3284 | D:4      | Reached XP level 5. HP: 15/33 MP: 8/8
  3476 | D:4      | Reached XP level 6. HP: 22/38 MP: 9/9
  4090 | D:4      | Slain by a gnoll

Illustrated notes

Levels and vault maps discovered:
D:1:      eino_arrival_water_cross, layout_basic,
          dreamdust_ecumenical_altar_drowned_temple, serial_shops,
          nicolae_shop_bloodbath_and_beyond,
          nicolae_shop_temple_entry_statues_fountains, grunt_decor_cap
D:2:      layout_basic
D:3:      layout_basic, old_standard_altar, kennysheep_cross_room, uniq_pargi
D:4:      layout_basic, uniq_pikel

Skill      XL: |  1  2  3  4 |
---------------+-------------+-----
Unarmed Combat | 4 5 |  5.7
Dodging        | 3 |  3.2
Fighting       | |  1.6
Spellcasting   | |  2.4
Transmutations | |  2.2
Evocations     | |  0.1

Action                   |  1- 3 |  4- 6 || total
-------------------------+-------+-------++-------
Melee: Unarmed           |    96 |    53 ||   149
       Constrict         |    23 |    14 ||    37
       Tentacles         |    18 |    11 ||    29
       Punch             |     5 |       ||     5
       Kick              |     1 |     4 ||     5
 Cast: Beastly Appendage |     1 |     3 ||     4
Evoke: Wand              |       |     1 ||     1
  Use: Potion            |       |     1 ||     1
 Stab: Sleeping          |     7 |     7 ||    14
       Distracted        |     1 |       ||     1
Armor: Skin              |     4 |     3 ||     7
Dodge: Dodged            |    47 |    30 ||    77
